AoeStats
← CLEVER GHOST

Golden Pit

509708241Analyzed
1v1 RM · 5d ago on Sep 27, 2026· 35m 21s· 2 players
Game mode
Random Map
Map size
Tiny (2 player)
Population
200
Speed
Normal
Resources
Standard
Victory
Conquest
Starting age
Dark Age
Ending age
Imperial Age
RankedLock teamsTeams togetherTeam positionsShared explorationLock speedFull tech treeHidden civsTurbo modeCheats
Victory
Defeat
🇮🇹 Varangians · Italy
1044
+15
🇲🇽 Byzantines · Mexico
1033
-15
CLEVER GHOST
1:33 Loom
4:45 Loom
11:33 Feudal Age
15:51 Castle Age
20:45 Double-Bit Axe
27:37 Scale Barding Armor
28:42 Wheelbarrow
29:18 Chain Barding Armor
30:57 Forging
33:38 Iron Casting
Sacob
7:28 Loom
9:37 Feudal Age
10:14 Double-Bit Axe
19:17 Castle Age
18:40 Gold Mining
18:41 Horse Collar
19:16 Bloodlines
19:14 Scale Barding Armor
20:54 Chain Barding Armor
23:37 Town Watch
24:34 Wheelbarrow
24:10 Fletching
25:30 Husbandry
27:22 Town Watch
30:27 Hand Cart
30:16 Stone Mining
29:49 Crossbowman
31:17 Heavy Plow
35:10 Bodkin Arrow
Connection lost

Rejoining the realm…

Still unreachable

The connection could not be restored.

Session expired

The server has moved on; the page needs a fresh start.